 Dungeon Crawl Stone Soup version 0.24.0-13-gcf9b319 (webtiles) character file.

Game seed: 11686901158607068421, levelgen mode: deterministic

125069 Monad the Zephyrmancer (level 16, -23/119 HPs)
             Began as a Pale Draconian Artificer on Mar 31, 2020.
             Was a High Priest of Vehumet.
             Killed by the raging water
             ... invoked by a water nymph
              (32 damage)
             ... on level 4 of the Shoals on Apr 1, 2020.
             The game lasted 04:16:37 (48154 turns).

Monad the Zephyrmancer (Pale Draconian Artificer)  Turns: 48154, Time: 04:16:37

Health: -23/119    AC: 13    Str: 16    XL:     16   Next: 40%
Magic:  21/40      EV: 24    Int: 24    God:    Vehumet [*****.]
Gold:   540        SH:  5    Dex: 18    Spells: 7/38 levels left

rFire    + . .     SeeInvis .   b - staff of air
rCold    . . .     Gourm    .   d - +1 buckler {rF+}
rNeg     + . .     Faith    .   (armour unavailable)
rPois    .         Spirit   .   (helmet restricted)
rElec    +         Reflect  .   T - +0 cloak {+Inv}
rCorr    .         Harm     .   L - +0 pair of gloves of the Evening {rN+ Int+5}
MR       ++...                  I - +1 pair of boots
Stlth    ++........             S - amulet of the acrobat
HPRegen  0.29/turn              Z - ring of protection from magic
MPRegen  0.27/turn              c - ring of the Jester {+Blink MP+9 Int+3 Stlth-}

@: agile, barbed spikes, slightly contaminated, invisible, very slow
A: breathe steam, unfitting armour, cold-blooded, AC +9
a: Breathe Steam, Renounce Religion, Evoke Blink


You were on level 4 of the Shoals.
You worshipped Vehumet.
Vehumet was extremely pleased with you.
You were hungry.

You visited 4 branches of the dungeon, and saw 27 of its levels.
You also visited: Gauntlet.

You collected 2583 gold pieces.
You spent 2043 gold pieces at shops.

Inventory:

Hand Weapons
 O - the +10 quarterstaff of Distant Shores {crush, Str+5 SInv}
   (You took it off a merfolk on level 4 of the Shoals)

   It inflicts extra damage upon your enemies.
   It affects your strength (+5).
   It lets you see invisible.
Armour
 d - a +1 buckler of fire resistance (worn)
 I - a +1 pair of boots (worn)
 L - the +0 pair of gloves of the Evening (worn) {rN+ Int+5}
   (You bought it in a shop on level 8 of the Dungeon)

   It affects your intelligence (+5).
   It protects you from negative energy.
 T - a +0 cloak of invisibility (worn)
Magical Staves
 b - an uncursed staff of air (weapon)
Jewellery
 c - the ring of the Jester (right hand) {+Blink MP+9 Int+3 Stlth-}
   (You bought it in a shop on level 2 of the Orcish Mines)

   [ring of attention]

   It affects your intelligence (+3).
   It affects your magic capacity (+9).
   It lets you blink.
   It makes you less stealthy.
 m - an uncursed ring of protection from cold
 w - a +4 ring of evasion
 z - an uncursed ring of protection from fire
 S - an amulet of the acrobat (around neck)
 V - an uncursed ring of poison resistance
 W - the ring "Coil" {rF++ Stlth-}
   (You found it in a Gauntlet)

   [ring of attention]

   It greatly protects you from fire.
   It makes you less stealthy.
 X - an uncursed ring of resist corrosion
 Z - a ring of protection from magic (left hand)
Wands
 a - a wand of disintegration (4)
 g - a wand of iceblast (1)
 x - a wand of polymorph (7)
 y - a wand of enslavement (7)
 B - a wand of paralysis (5)
 E - a wand of digging (3)
 J - a wand of clouds (4)
 N - a wand of flame (7)
 P - a wand of acid (12)
Scrolls
 h - 26 scrolls of remove curse
 i - 2 scrolls of fear
 q - a scroll of blinking
 r - 5 scrolls of teleportation
 v - 4 scrolls of enchant weapon
 C - 5 scrolls of magic mapping
 D - a scroll of fog
 H - a scroll of vulnerability {unknown}
Potions
 e - 7 potions of lignification
 j - a potion of flight
 k - a potion of heal wounds
 l - 3 potions of haste
 o - a potion of berserk rage
 s - 3 potions of mutation
 t - 4 potions of brilliance
 u - 6 potions of curing
 A - 2 potions of magic
 F - a potion of cancellation
 K - 5 potions of resistance
 M - a potion of ambrosia
 U - 2 potions of might
Miscellaneous
 G - a crystal ball of energy
 Q - a fan of gales
 R - a lamp of fire
 Y - a sack of spiders
Comestibles
 f - 17 rations


   Skills:
 - Level 5.1 Fighting
   Level 10.0 Short Blades
 + Level 9.1 Staves
 - Level 9.7 Dodging
 - Level 5.8 Stealth
 * Level 0.3 Shields
 - Level 11.5 Spellcasting
 - Level 10.0 Conjurations
 - Level 14.5 Air Magic
 + Level 13.4 Evocations


You had 7 spell levels left.
You knew the following spells:

 Your Spells              Type           Power        Failure   Level  Hunger
a - Airstrike             Air            #######...   1%          4    None
b - Lightning Bolt        Conj/Air       #######...   1%          5    ####...
c - Swiftness             Chrm/Air       ######..     1%          2    None
d - Shock                 Conj/Air       ####         1%          1    None
e - Animate Skeleton      Necr           N/A          7%          1    None
f - Mephitic Cloud        Conj/Pois/Air  ######..     1%          3    None
g - Conjure Flame         Conj/Fire      #####...     1%          3    None
h - Iskenderun's Battles  Conj/Chrm      #####...     7%          5    ####...
i - Flame Tongue          Conj/Fire      #####        1%          1    None
j - Freezing Cloud        Conj/Ice/Air   ######....   11%         6    #####..

Your spell library contained the following spells:

 Spells                   Type           Power        Failure   Level  Hunger
 Freeze                   Ice            ##..         1%          1    None
 Magic Dart               Conj           ####         1%          1    None
 Sting                    Conj/Pois      ####         1%          1    None
 Poisonous Vapours        Pois/Air       ######       1%          2    None
 Throw Frost              Conj/Ice       #####.       1%          2    None
 Static Discharge         Conj/Air       #######.     1%          3    None
 Throw Icicle             Conj/Ice       #####...     2%          4    None
 Ignite Poison            Fire/Tmut/Pois ##......     6%          3    None
 Inner Flame              Hex/Fire       ##......     6%          3    None
 Corona                   Hex            ##.....      7%          1    None
 Pain                     Necr           ##..         7%          1    None
 Fireball                 Conj/Fire      #####.....   7%          5    ####...
 Venom Bolt               Conj/Pois      #####.....   7%          5    ####...
 Blink                    Tloc           N/A          11%         2    None
 Call Imp                 Summ           ##......     11%         2    None
 Passwall                 Tmut/Erth      ##......     11%         2    None
 Slow                     Hex            ##......     11%         2    None
 Olgreb's Toxic Radiance  Pois           ##......     17%         4    None
 Ozocubu's Armour         Chrm/Ice       ##......     22%         3    None
 Portal Projectile        Hex/Tloc       ##....       22%         3    None
 Regeneration             Chrm/Necr      ##........   22%         3    None
 Vampiric Draining        Necr           ##........   22%         3    None
 Bolt of Fire             Conj/Fire      #####.....   32%         6    #####..
 Lee's Rapid Deconstruct  Erth           ##........   43%         5    ####...
 Animate Dead             Necr           N/A          56%         4    None
 Cause Fear               Hex            ##........   56%         4    None
 Leda's Liquefaction      Hex/Erth       ##........   56%         4    None
 Passage of Golubria      Tloc           N/A          56%         4    None
 Summon Ice Beast         Ice/Summ       ##......     56%         4    None
 Darkness                 Hex            ##........   100%        6    #####..
 Invisibility             Hex            ##......     100%        6    #####..
 Ring of Flames           Chrm/Fire      ##........   100%        7    #######
 Ignition                 Fire           ##........   100%        8    #######


Dungeon Overview and Level Annotations

Branches:
Dungeon (15/15)            Temple (0/1) D:5            Lair (6/6) D:8
 Shoals (4/4) Lair:3       Spider (0/4) Lair:3          Orc (2/2) D:10
    Elf (0/3) Orc:2        Vaults (0/5) D:14         Depths (0/5) D:15
Gauntlet (visited)
  Slime: Lair:5-6

Altars:
Cheibriados
Fedhas
Kikubaaqudgha
Okawaru
Ru
Vehumet

Shops:
D:5 (   D:8 [   D:11 [   D:15 *   Orc:2 [}%=   Shoals:1 ??*!

Portals:
Trove: D:11 (give 7 scrolls of blinking)

Annotations:
D:14 Roxanne
Lair:1 exclusion: oklob plant
Lair:5 exclusion: 3 oklob plants
Shoals:4 Aizul, Ilsuiw


Innate Abilities, Weirdness & Mutations

You can breathe blasts of scalding, opaque steam.
Your pale cyan-grey scales are hard. (AC +9)
You cannot fit into any form of body armour.
You are cold-blooded and may be slowed by cold attacks.


Message History

Blink to where?
Press: ? - help, Dir - move target cursor
As you read the scroll of blinking, it crumbles to dust.
A merfolk comes into view. It is wielding a +0 spear.
Splash!
You fall into the shallow water.
Moving in this stuff is going to be slow. ...and don't expect to remain undetected.
The water nymph slips free of the water.
Ilsuiw mumbles some strange words.
You hear a haunting song.
Your water elemental misses the water nymph.
Blink to where?
Press: ? - help, Dir - move target cursor Splash!
You are lightly contaminated with residual magic.
As you read the scroll of blinking, it crumbles to dust.
The water nymph gestures at you while chanting.
The water swirls and strikes you!!
You die...

.. ##.≈≈≈≈
..####...≈≈≈≈≈≈≈... ≈#≈
......(.m≈≈≈≈≈≈≈..≈# ≈≈#
#..)...≈≈≈≈≈≈≈≈≈≈.#≈≈≈≈≈
##..≈≈≈≈≈≈≈≈≈≈≈≈≈.≈≈≈≈ ≈
#.≈≈m≈≈≈≈≈≈≈≈≈≈≈.#≈≈≈≈≈
#.≈≈≈P..≈≈≈≈≈≈≈≈.≈#≈≈≈#≈
##.SPPP.P≈≈≈≈≈≈≈≈..≈#≈#≈≈
S).≈P≈PP≈≈≈≈≈≈≈≈@≈.<..≈≈≈
#<.≈mPPP≈≈≈≈≈≈≈≈≈≈≈≈≈≈≈≈≈
#wm≈≈≈P≈P≈≈≈≈m≈≈≈≈≈≈≈≈≈≈≈
#│≈≈≈.≈≈≈≈≈≈≈≈≈≈≈≈≈≈≈≈≈≈≈
││≈≈.≈....≈≈≈≈...≈.≈≈≈≈≈≈
││≈≈E≈.#)..≈≈..≈≈.≈≈≈≈≈≈≈
≈X≈≈≈≈[.E..≈≈..≈≈≈.≈≈≈≈≈≈
≈≈≈≈X≈m≈≈§≈≈≈.mmm≈.≈≈≈≈≈≈
≈≈≈≈≈≈≈E≈≈≈≈≈≈m≈t≈t≈≈≈≈≈≈


You could see 2 merfolk and 2 water nymphs.

Vanquished Creatures
  Rupert (D:13)
  Frances (D:12)
  An orc warlord (Orc:1)
  A minotaur (Gauntlet)
  Josephine (D:14)
  2 merfolk impalers
  A great orb of eyes (Lair:6)
  Erolcha (Orc:2)
  6 hydras
  A merfolk avatar (Shoals:2)
  3 centaur warriors
  A death knight (D:14)
  An alligator snapping turtle (Shoals:3)
  2 two-headed ogres
  A death yak (shapeshifter) (D:15)
  3 orc high priests (Orc:2)
  Sonja (Lair:2)
  2 sixfirhies (Gauntlet)
  A fire crab (Shoals:3)
  A death drake (shapeshifter) (D:15)
  2 sea snakes
  A glowing orange brain (D:15)
  3 unseen horrors (D:13)
  A lindwurm (D:14)
  Pikel (D:4)
  5 orc knights
  9 harpies
  A lindwurm (shapeshifter) (D:15)
  A necromancer (Lair:4)
  A deep elf mage (D:14)
  An orb spider (shapeshifter) (D:15)
  11 manticores
  A wolf spider (D:8)
  4 orc sorcerers (Orc:2)
  13 fauns
  14 slime creatures
  9 ugly things (D:15)
  6 cyclopes
  3 black mambas
  A water nymph (Shoals:3)
  8 merfolk sirens
  8 elephants
  Maurice (D:12)
  2 centaur zombies (D:12)
  2 black mambas (shapeshifter) (D:15)
  5 gargoyles
  21 spiny frogs
  Psyche (D:11)
  4 rime drakes
  2 centaur skeletons
  A water nymph (shapeshifter) (D:15)
  2 kobold demonologists
  A guardian mummy (D:11)
  14 komodo dragons
  3 tyrant leeches (Lair:6)
  14 merfolk
  A freezing wraith (D:14)
  6 meliai
  3 wind drakes
  5 trolls
  21 blink frogs
  13 dream sheep
  12 hippogriffs
  A blink frog (shapeshifter) (D:15)
  4 snapping turtles
  A shadow (D:15)
  A tarantella (Lair:6)
  2 water elementals
  A human (shapeshifter) (D:14)
  5 wraiths
  3 wyverns
  A hog (Lair:2)
  Eustachio (D:6)
  41 yaks
  8 vampire mosquitoes
  7 basilisks
  3 fire bats (Shoals:3)
  2 hungry ghosts (D:15)
  Menkaure (D:6)
  A warg (Orc:2)
  11 water moccasins
  11 porcupines
  4 acid dragons
  24 orc warriors
  2 slaves (D:4)
  7 ice beasts
  5 sky beasts
  A black bear (D:9)
  2 phantoms
  3 eyes of draining
  2 necrophages
  10 ogres
  22 wolves
  15 centaurs
  16 crocodiles
  6 big kobolds
  29 bullfrogs
  3 elf zombies (D:9)
  3 scorpions
  3 wyvern skeletons
  8 killer bees
  14 wights
  3 howler monkeys
  4 electric eels
  3 bullfrog zombies
  9 crimson imps
  3 human zombies (D:9)
  2 bullfrog skeletons
  5 hounds
  2 jellies
  20 orc wizards
  16 orc priests
  3 iguanas
  A human skeleton (D:9)
  16 worker ants
  2 wolf simulacra (Lair:4)
  2 yak simulacra (Lair:4)
  5 polar bear simulacra (Lair:4)
  3 mummies (D:9)
  14 gnolls
  A howler monkey skeleton (D:7)
  15 adders
  3 shadow imps
  An ooze (D:6)
  2 adder skeletons
  3 dart slugs
  2 leopard geckos
  67 orcs
  5 bats
  11 giant cockroaches
  10 goblins
  7 hobgoblins
  7 jackals
  29 kobolds
  5 quokkas
  2 ball pythons
  6 frilled lizards
  2 leopard gecko zombies
  An orc zombie (D:9)
  A rat (D:3)
  2 river rat simulacra (Lair:4)
  4 plants
853 creatures vanquished.

Vanquished Creatures (collateral kills)
  A two-headed ogre (Orc:2)
  3 ugly things
  2 fauns (Shoals:3)
  A spiny frog (Lair:6)
  A komodo dragon (Lair:4)
  3 merfolk
  A troll (Orc:2)
  A hippogriff (Lair:6)
  A blink frog (Lair:6)
  A vampire mosquito (Lair:6)
  A warg (Orc:2)
  3 orc warriors (Orc:2)
  An ogre (Orc:2)
  A big kobold (D:8)
  A gnoll shaman (D:4)
  2 orc wizards (Orc:2)
  2 gnolls (D:4)
  9 orcs
35 creatures vanquished.

Vanquished Creatures (others)
  A merfolk impaler (Shoals:3)
  A sea snake (Shoals:1)
  An ugly thing (D:15)
  A black mamba (Lair:6)
  A rime drake (Lair:5)
  A spiny frog (Lair:4)
  An orc warrior (Orc:2)
  A scorpion (D:13)
  A worker ant (D:4)
  An adder (D:6)
  A bush (Lair:6)
  22 fungi
  49 plants
  4 tentacles (Shoals:4)
86 creatures vanquished.

Grand Total: 974 creatures vanquished

Notes
Turn   | Place    | Note
-------+----------+-------------------------------------------
     0 | D:1      | Monad the Draconian Artificer began the quest for the Orb.
     0 | D:1      | Reached XP level 1. HP: 16/16 MP: 3/3
   303 | D:1      | Reached XP level 2. HP: 19/23 MP: 4/4
  1395 | D:2      | Reached XP level 3. HP: 27/28 MP: 5/5
  1524 | D:2      | Found a faded altar of an unknown god.
  2206 | D:3      | Found a radiant altar of Vehumet.
  2206 | D:3      | Found a blossoming altar of Fedhas.
  2223 | D:3      | Became a worshipper of Vehumet
  2354 | D:3      | Reached XP level 4. HP: 29/35 MP: 7/7
  2876 | D:4      | Found a sacrificial altar of Ru.
  3434 | D:4      | Reached XP level 5. HP: 34/40 MP: 8/8
  3561 | D:4      | Noticed a slave
  3562 | D:4      | Noticed a slave
  3571 | D:4      | Killed a slave
  3579 | D:4      | Killed a slave
  3595 | D:4      | Noticed a slave
  3596 | D:4      | Noticed Pikel
  3596 | D:4      | Noticed a slave
  3611 | D:4      | Killed Pikel
  3611 | D:4      | Reached skill level 5 in Short Blades
  3611 | D:4      | Reached XP level 6. HP: 18/47 MP: 8/10
  3611 | D:4      | Your scales start taking on a pale cyan-grey colour.
  3611 | D:4      | Reached XP level 7. HP: 20/52 MP: 9/12
  4103 | D:4      | Found an iron altar of Okawaru.
  4792 | D:5      | Entered Level 5 of the Dungeon
  4813 | D:5      | Found a staircase to the Ecumenical Temple.
  4974 | D:5      | Found Fuguhuzaco's Weapon Emporium.
  5077 | D:5      | Reached * piety under Vehumet
  5077 | D:5      | Offered knowledge of Shock by Vehumet.
  5080 | D:5      | Learned a level 1 spell: Shock
  5291 | D:5      | Found a snail-covered altar of Cheibriados.
  5383 | D:6      | Reached skill level 1 in Conjurations
  5383 | D:6      | Reached skill level 1 in Air Magic
  5383 | D:6      | Reached XP level 8. HP: 59/59 MP: 13/13
  5469 | D:6      | Noticed Eustachio
  5481 | D:6      | Killed Eustachio
  5481 | D:6      | Reached skill level 2 in Air Magic
  5616 | D:6      | Noticed Menkaure
  5621 | D:6      | Killed Menkaure
  6227 | D:7      | Reached skill level 5 in Conjurations
  6493 | D:7      | Reached XP level 9. HP: 16/64 MP: 12/15
  6931 | D:7      | Found a blossoming altar of Fedhas.
  7748 | D:8      | Reached skill level 1 in Stealth
  8106 | D:8      | Offered knowledge of Flame Tongue by Vehumet.
  8231 | D:7      | Learned a level 1 spell: Flame Tongue
  8319 | D:8      | Reached ** piety under Vehumet
  9221 | D:8      | Found Nen Zic's Armour Emporium.
  9229 | D:8      | Bought the +0 pair of gloves of the Evening {rN+ Int+5} for
                  | 288 gold pieces
  9338 | D:8      | Noticed a komodo dragon
  9339 | D:8      | Found a staircase to the Lair.
  9357 | D:8      | Killed a komodo dragon
  9649 | D:7      | Reached XP level 10. HP: 54/77 MP: 16/16
  9899 | D:8      | Noticed a two-headed hydra
 10044 | D:8      | Killed a two-headed hydra
 10492 | D:9      | Offered knowledge of Conjure Flame by Vehumet.
 10498 | D:9      | Learned a level 3 spell: Conjure Flame
 10577 | D:9      | Found an ancient bone altar of Kikubaaqudgha.
 10847 | D:9      | Reached *** piety under Vehumet
 11225 | D:9      | Reached skill level 5 in Fighting
 11383 | D:10     | Entered Level 10 of the Dungeon
 11701 | D:10     | Found a staircase to the Orcish Mines.
 11711 | D:10     | Offered knowledge of Dazzling Spray by Vehumet.
 11711 | D:10     | Reached skill level 1 in Spellcasting
 12536 | D:11     | Found Loarat's Antique Armour Shoppe.
 12722 | D:11     | Found a portal to a secret trove of treasure.
 12874 | D:11     | Noticed Psyche
 12885 | D:11     | Killed Psyche
 12885 | D:11     | Reached XP level 11. HP: 76/84 MP: 11/18
 13081 | D:11     | Reached skill level 10 in Evocations
 13188 | D:11     | Learned a level 3 spell: Dazzling Spray
 13278 | D:10     | Reached **** piety under Vehumet
 14200 | Lair:1   | Entered Level 1 of the Lair of Beasts
 14299 | D:8      | Offered knowledge of Airstrike by Vehumet.
 14305 | D:8      | Learned a level 4 spell: Airstrike
 14548 | Lair:1   | Noticed a wolf spider
 14562 | D:8      | Killed a wolf spider
 14739 | Lair:1   | Reached skill level 3 in Air Magic
 14860 | Lair:1   | Reached skill level 10 in Short Blades
 15089 | D:8      | Learned a level 3 spell: Mephitic Cloud
 15197 | Lair:1   | Reached skill level 4 in Air Magic
 15697 | Lair:1   | Reached skill level 5 in Air Magic
 16138 | Lair:1   | Noticed an oklob plant
 16257 | Lair:1   | You fall into a shaft and drop 1 floor!
 17296 | Lair:2   | Reached skill level 5 in Dodging
 17296 | Lair:2   | Reached skill level 6 in Air Magic
 17509 | Lair:2   | Reached skill level 5 in Stealth
 17549 | Lair:2   | Reached XP level 12. HP: 45/94 MP: 1/19
 17780 | Lair:2   | Noticed a six-headed hydra
 17960 | Lair:2   | Noticed Sonja
 17968 | Lair:2   | Killed Sonja
 18007 | Lair:2   | Reached skill level 7 in Air Magic
 19076 | Lair:2   | Reached ***** piety under Vehumet
 19324 | Lair:2   | Killed a six-headed hydra
 19324 | Lair:2   | Reached skill level 5 in Spellcasting
 19324 | Lair:2   | Reached skill level 8 in Air Magic
 19540 | Lair:3   | Found a hole to the Spider Nest.
 19772 | Lair:3   | Offered knowledge of Yara's Violent Unravelling by Vehumet.
 20451 | Lair:3   | Reached skill level 9 in Air Magic
 21336 | Lair:3   | Found a staircase to the Shoals.
 22387 | Lair:4   | Reached skill level 10 in Air Magic
 22898 | Lair:4   | Noticed a four-headed hydra
 22931 | Lair:4   | Killed a four-headed hydra
 23207 | Lair:4   | Reached XP level 13. HP: 73/100 MP: 2/22
 24498 | Lair:4   | Reached skill level 11 in Air Magic
 26331 | Lair:6   | Entered Level 6 of the Lair of Beasts
 26765 | Lair:5   | Reached skill level 12 in Air Magic
 27419 | Lair:6   | Offered knowledge of Iskenderun's Battlesphere by Vehumet.
 27426 | Lair:6   | Learned a level 5 spell: Iskenderun's Battlesphere
 28903 | Lair:6   | Reached skill level 13 in Air Magic
 28915 | Lair:6   | Reached XP level 14. HP: 87/107 MP: 7/26
 30111 | Lair:6   | Learned a level 2 spell: Swiftness
 30701 | Orc:1    | Entered Level 1 of the Orcish Mines
 31107 | Orc:2    | Entered Level 2 of the Orcish Mines
 31372 | Orc:2    | Offered knowledge of Lightning Bolt by Vehumet.
 31379 | Orc:2    | Learned a level 5 spell: Lightning Bolt
 31426 | Orc:2    | Noticed an orc warlord
 31439 | Orc:2    | Noticed Erolcha
 31920 | Orc:1    | Killed an orc warlord
 32396 | Orc:2    | Killed Erolcha
 32546 | Orc:2    | Found a staircase to the Elven Halls.
 32705 | Orc:2    | Reached skill level 14 in Air Magic
 33292 | Orc:2    | Found Vaoqaocs's Gadget Shop.
 33292 | Orc:2    | Found Laacs's Armour Shop.
 33293 | Orc:2    | Found Lonor's Food Emporium.
 33294 | Orc:2    | Found Osaicsa's Jewellery Emporium.
 33340 | Orc:2    | Bought the ring of the Jester {+Blink MP+9 Int+3 Stlth-}
                  | for 700 gold pieces
 33344 | Orc:2    | Bought a crystal ball of energy for 280 gold pieces
 33344 | Orc:2    | Bought a wand of flame (13) for 105 gold pieces
 33344 | Orc:2    | Bought a lamp of fire for 560 gold pieces
 33548 | D:12     | Noticed Maurice
 33571 | D:12     | Killed Maurice
 33976 | D:12     | Reached skill level 1 in Staves
 34499 | D:12     | Offered knowledge of Ozocubu's Refrigeration by Vehumet.
 35336 | D:12     | Noticed Frances
 35345 | D:12     | Killed Frances
 35649 | D:13     | Found a gate leading to a gauntlet.
 35707 | Gauntlet | Entered a Gauntlet
 35707 | Gauntlet | Found a transporter.
 35710 | Gauntlet | Found a transporter.
 35711 | Gauntlet | Found a transporter.
 35712 | Gauntlet | Found a transporter.
 35715 | Gauntlet | Found a transporter.
 35716 | Gauntlet | Found a transporter.
 35734 | Gauntlet | Found a transporter.
 35759 | Gauntlet | Found a transporter.
 35849 | Gauntlet | Found a transporter.
 35850 | Gauntlet | Found a transporter.
 35856 | Gauntlet | Found a transporter.
 35872 | Gauntlet | Found a transporter.
 36033 | Gauntlet | Got a scintillating iron ring
 36035 | Gauntlet | Identified the ring "Coil" {rF++ Stlth-} (You found it in a
                  | Gauntlet)
 36065 | Gauntlet | Got a warped copper ring
 36068 | Gauntlet | Identified the cursed ring of Suspicion {Str-3 SInv} (You
                  | found it in a Gauntlet)
 36615 | D:13     | Reached XP level 15. HP: 111/113 MP: 8/28
 36953 | D:13     | Noticed Rupert
 37415 | D:13     | Paralysed by Rupert for 7 turns
 37424 | D:13     | Killed Rupert
 37438 | D:13     | Reached skill level 10 in Conjurations
 38153 | D:14     | Reached skill level 5 in Staves
 38300 | D:14     | Noticed Josephine
 38310 | D:14     | Killed Josephine
 39180 | D:14     | Noticed Roxanne
 39401 | D:14     | Found a gate to the Vaults.
 39527 | D:14     | Identified a scroll of acquirement
 39528 | D:14     | Got a pair of brightly glowing gloves
 39539 | D:14     | Identified the +0 pair of gloves of Baldness {+Fly rElec}
                  | (You acquired it on level 14 of the Dungeon)
 39687 | D:15     | Entered Level 15 of the Dungeon
 40083 | D:15     | Found Edompecvaa's General Store.
 40091 | D:15     | Bought a potion of heal wounds for 55 gold pieces
 40091 | D:15     | Bought a ration for 55 gold pieces
 40484 | D:15     | Offered knowledge of Bolt of Cold by Vehumet.
 40864 | D:15     | Found a staircase to the Depths.
 41419 | D:15     | Noticed a quicksilver dragon
 41424 | D:15     | Noticed an azure jelly
 41424 | D:15     | a quicksilver dragon changed into an azure jelly
 41597 | D:15     | an azure jelly changed into a death yak
 42603 | Shoals:1 | Entered Level 1 of the Shoals
 42619 | Shoals:1 | Reached skill level 10 in Spellcasting
 42992 | Shoals:1 | Found Jocvergh's Distillery.
 43004 | Shoals:1 | Found Zuorpheam's General Store.
 44319 | Shoals:1 | Found Qoiri Yso's Magic Scroll Shop.
 44367 | Shoals:1 | Found Releegg's Magic Scroll Boutique.
 44818 | Shoals:2 | Reached XP level 16. HP: 119/119 MP: 10/30
 46387 | Shoals:3 | HP: 5/119 [merfolk/+0 trident (21)]
 47163 | Shoals:3 | Learned a level 1 spell: Animate Skeleton
 47287 | Shoals:3 | Offered knowledge of Freezing Cloud by Vehumet.
 47302 | Shoals:3 | Learned a level 6 spell: Freezing Cloud
 47490 | Shoals:4 | Entered Level 4 of the Shoals
 47548 | Shoals:4 | Noticed a kraken
 47731 | Shoals:4 | Identified the +10 quarterstaff of Distant Shores {crush,
                  | Str+5 SInv}
 47814 | Shoals:4 | Noticed Aizul
 48143 | Shoals:4 | Noticed Ilsuiw
 48154 | Shoals:4 | Killed from afar by a water nymph

Levels and vault maps discovered:
D:1:      arrival_zaba_pyramid, layout_loops_ring
D:2:      layout_rooms, chequers_ecumenical_altar_simple_redux,
          minmay_worlds_worst_comb
D:3:      cheibrodos_old_hovel, layout_basic,
          chequers_temple_overflow_statue_of_worship,
          chequers_serial_rivers_micro_c, minmay_ruptured
D:4:      minmay_chambers_of_twos, layout_cave_pools,
          kennysheep_okawaru_gauntlet, first_ration, nicolae_ru_path_of_blood,
          uniq_pikel
D:5:      layout_rooms, lemuel_doored_altar, minmay_temple_entry_junction_2,
          serial_shops, shop
D:6:      layout_basic, uniq_menkaure, uniq_eustachio
D:7:      layout_loops_ring, serial_rivers, chequers_serial_rivers_micro_d,
          chequers_serial_rivers_room_a, chequers_serial_rivers_micro_b,
          chequers_serial_rivers_small_3, fedhas_ov_isle_minmay
D:8:      layout_cave_pools, david_lair_shrubbed, serial_shops,
          nicolae_shop_waterfront, hangedman_ranch [blue_anna_fruit_fields]
D:9:      layout_loops_ring, lemuel_mausoleum_altar_kikubaaqudgha
D:10:     layout_basic, david_orc_2
D:11:     layout_loops_ring, nicolae_trove_entry_path_of_doom, serial_shops,
          nicolae_shop_trees, uniq_psyche
D:12:     layout_layer_cave, minmay_misc_feat_secret_circle, nicolae_wwwww,
          uniq_frances, uniq_maurice
D:13:     layout_cave_pools, gauntlet_entry_generic, uniq_rupert
D:14:     layout_big_octagon, david_vaults_4, serial_glass, glass_columns_a,
          glass_columns_a, glass_columns_a, glass_columns_a,
          due_unseen_surprise, item_on_display_a, minmay_strange_pillars,
          feat_on_display, kennysheep_cluttered_room, uniq_roxanne,
          uniq_josephine
D:15:     gammafunk_enter_depths_forms, layout_basic, serial_shops, shop
Lair:1:   minmay_lair_venomous_thicket, layout_regular_city,
          minmay_lair_oklob_bushes, minmay_holes, beast_lair_carwin_11
Lair:2:   beast_lair_carwin_large_4, layout_regular_city,
          hangedman_lair_unloving_vines, uniq_sonja
Lair:3:   layout_small_grid, minmay_shoals_entry_centaurs,
          spider_nest_entry_web_field
Lair:4:   layout_cave_shapes, eino_house_with_fridge
Lair:5:   layout_cave_pods, minmay_slime_entry_oklob_enclosed
Lair:6:   minmay_lair_end_frog_pond, layout_small_grid
Shoals:1: layout_shoals, serial_shops, shop_statue, shop, shop,
          nicolae_shop_trees
Shoals:2: layout_shoals
Shoals:3: layout_shoals, hangedman_shoal_volcano
Shoals:4: shoals_end_simple, layout_shoals, shoal_ilsuiw, uniq_aizul
Orc:1:    layout_diamond_mine
Orc:2:    st_orc_elflike, layout_caves, uniq_erolcha

Skill      XL: |  1  2  3  4  5  6  7  8  9 10 11 12 13 14 15 16 |
---------------+-------------------------------------------------+-----
Short Blades   | 2 3 5 6 7 9 10 | 10.0
Evocations     | 4 6 7 9 10 12 13 | 13.4
Conjurations   | 1 5 6 7 8 9 10 | 10.0
Air Magic      | 1 2 6 10 13 14 | 14.5
Dodging        | 3 4 5 7 8 9 |  9.7
Fighting       | 3 5 |  5.1
Stealth        | 3 4 5 |  5.8
Spellcasting   | 2 4 6 8 9 10 11 | 11.5
Staves         | 3 8 9 |  9.1
Shields        | |  0.3

Action                   |  1- 3 |  4- 6 |  7- 9 | 10-12 | 13-15 | 16-18 || total
-------------------------+-------+-------+-------+-------+-------+-------++-------
Melee: Short sword       |   137 |       |       |       |       |       ||   137
       Tailslap          |    12 |     7 |    72 |   117 |    75 |     4 ||   287
       Dagger            |    18 |    54 |   494 |   751 |       |       ||  1317
       Staff             |       |       |       |    74 |   558 |    34 ||   666
Throw: Dart              |       |       |    18 |       |       |       ||    18
       Throwing net      |       |       |     1 |     2 |       |       ||     3
 Cast: Shock             |       |       |    65 |    40 |    25 |       ||   130
       Flame Tongue      |       |       |    19 |    42 |     3 |       ||    64
       Conjure Flame     |       |       |       |    17 |    11 |       ||    28
       Airstrike         |       |       |       |   211 |   609 |   131 ||   951
       Mephitic Cloud    |       |       |       |    18 |    32 |     3 ||    53
       Dazzling Spray    |       |       |       |     8 |       |       ||     8
       Iskenderun's Batt |       |       |       |       |    10 |     1 ||    11
       Lightning Bolt    |       |       |       |       |    80 |     5 ||    85
       Swiftness         |       |       |       |       |     8 |     1 ||     9
       Animate Skeleton  |       |       |       |       |       |     6 ||     6
       Freezing Cloud    |       |       |       |       |       |     2 ||     2
 Abil: Breathe Steam     |       |       |     3 |    32 |    42 |     1 ||    78
       Evoke Blink       |       |       |       |       |     9 |       ||     9
       Evoke Invisibilit |       |       |       |       |     4 |     3 ||     7
Evoke: Wand              |     1 |    13 |    27 |    28 |    56 |    19 ||   144
       Fan of gales      |       |       |       |     3 |     2 |       ||     5
       Sack of spiders   |       |       |       |       |     5 |       ||     5
       Crystal ball of e |       |       |       |       |    18 |     1 ||    19
       Lamp of fire      |       |       |       |       |       |     1 ||     1
  Use: Scroll            |     2 |     1 |     8 |     8 |    27 |     7 ||    53
       Potion            |       |       |     1 |     1 |     5 |     8 ||    15
 Stab: Sleeping          |     2 |       |     1 |    11 |     3 |       ||    17
       Held in net/web   |       |       |     1 |     1 |       |       ||     2
       Betrayed ally     |       |       |     1 |       |       |       ||     1
       Distracted        |       |       |     1 |     1 |       |       ||     2
       Paralysed         |       |       |       |     1 |     2 |       ||     3
       Confused          |       |       |       |    12 |     4 |       ||    16
       Invisible         |       |       |       |     2 |       |     2 ||     4
  Eat: Chunk             |     5 |     3 |    18 |    64 |    84 |     9 ||   183
       Ration            |       |       |     2 |     7 |    15 |     1 ||    25
Armor: Skin              |    46 |    16 |   141 |   172 |   253 |    48 ||   676
Dodge: Dodged            |    96 |    48 |   317 |   543 |   777 |   174 ||  1955
